 Dungeon Crawl Stone Soup version 0.27-a0-531-gb72ec1a1b6 (webtiles) character file.

Game seed: 3801244012979314377

343 Morbidden the Insei (level 6, -2/39 HPs)
             Began as an Octopode Transmuter on Mar 5, 2021.
             Slain by an orc priest
             ... wielding a +0 club
              (5 damage)
             ... on level 3 of the Dungeon.
             The game lasted 00:04:59 (4024 turns).

Morbidden the Insei (Octopode Transmuter)           Turns: 4024, Time: 00:05:00

Health: -2/39      AC:  1    Str:  7 (10) XL:     6   Next: 57%
Magic:  10/10      EV: 13    Int: 16 (17) God:
Gold:   229        SH:  5    Dex: 10 (12) Spells: 7/11 levels left

rFire    . . .     SeeInvis .     - Unarmed
rCold    . . .     Faith    .   (no shield)
rNeg     + . .     Spirit   .   (helmet currently unavailable)
rPois    .         Reflect  +   b - amulet of reflection
rElec    .         Harm     .   n - ring of positive energy
rCorr    .         Rampage  .   (no ring)
Will     .....                  (no ring)
Stlth    +++.......             (no ring)
HPRegen  0.13/turn              (no ring)
MPRegen  0.12/turn              (no ring)
                                (no ring)
                                (no ring)

@: appendages (expiring)
A: almost no armour, amphibious, 8 rings, constrict 8, tentacle spike 3,
camouflage 1, gelatinous body 1, nimble swimmer 1
a: End Transformation


You were on level 3 of the Dungeon.
One of your tentacles had a temporary spike.
You visited 1 branch of the dungeon, and saw 3 of its levels.

You collected 229 gold pieces.

Inventory:

Jewellery
 b - an amulet of reflection (around mantle)
 n - a ring of positive energy (left tentacle)
Wands
 q - a wand of iceblast (3)
 r - a wand of charming (4)
 s - a wand of acid (5)
Scrolls
 a - 3 scrolls of identify {unknown}
 h - a scroll of blinking {unknown}
 i - 3 scrolls of fear {unknown}
 k - 4 scrolls of enchant armour {unknown}
 l - a scroll of immolation {unknown}
 m - a scroll of fog {unknown}
 p - a scroll of random uselessness {unknown}
Potions
 c - a potion of might
 d - 2 potions of degeneration
 e - 2 potions of curing {unknown}
 f - a potion of attraction {unknown}
 g - 2 potions of mutation {unknown}
 j - 2 potions of heal wounds {unknown}
 o - a potion of brilliance {unknown}


   Skills:
 * Level 2.2 Fighting
 * Level 3.1 Dodging
 + Level 2.7 Stealth
 + Level 0.1 Shields
 + Level 4.0 Unarmed Combat
 * Level 3.0 Spellcasting
 * Level 3.3 Transmutations
 * Level 1.8 Poison Magic
 + Level 0.1 Evocations


You had 7 spell levels left.
You knew the following spells:

 Your Spells              Type           Power      Damage    Failure   Level
a - Beastly Appendage     Tmut           26%        N/A       4%          1
b - Spider Form           Tmut/Pois      5%         N/A       19%         3

Your spell library contained the following spells:

 Spells                   Type           Power      Damage    Failure   Level
 Wereblood                Tmut           13%        N/A       7%          2
 Ice Form                 Ice/Tmut       7%         N/A       67%         4
 Blade Hands              Tmut           6%         N/A       78%         5


Dungeon Overview and Level Annotations

Branches:
Dungeon (3/15)

Altars:
Okawaru
Vehumet

Annotations:
D:3 mastekator's ghost, amateur SpEn


Innate Abilities, Weirdness & Mutations

You cannot wear most types of armour.
You are amphibious.
You can wear up to eight rings at the same time.
You can use your tentacles to constrict eight enemies at once.
Your skin changes colour to match your surroundings (Stealth+).
Your rubbery body absorbs attacks. (AC +1, EV +1)
You are stealthy while swimming. (Stealth+)
One of your tentacles bears a large vicious spike.


Message History

You tentacle-slap the orc. You grab the orc.
The orc is heavily wounded.
You constrict the orc. The orc hits you with a +0 flail!
There are monsters nearby!
You tentacle-slap the orc.
You kill the orc!
The orc priest looks satisfied for a moment.
Things that are here:
a +0 flail; 10 gold pieces; an orc corpse The orc priest barely misses you.
You tentacle-slap the orc priest. Your grab misses the orc priest.
The orc priest is moderately wounded.
The orc priest calls down the wrath of Beogh upon you.
Beogh smites you!
You tentacle-slap the orc priest. Your grab misses the orc priest.
Your tentacle spike misses the orc priest.
The orc priest is heavily wounded.
The orc priest hits you but does no damage.
Unknown command.
You tentacle-slap the orc priest but do no damage.
Your grab misses the orc priest.
You pierce the orc priest.
You squeeze the orc priest, but do no damage.
The orc priest is heavily wounded.
The orc priest calls down the wrath of Beogh upon you.
Beogh smites you!
* * * LOW HITPOINT WARNING * * *
Unknown command.
Unknown command.
It was a potion of degeneration.
There was something very wrong with that liquid.
You feel weakened.
You feel dopey.
You feel clumsy.
Your transformation is almost over.
The orc priest begins to cast a cantrip, but forgets the words!
Unknown command.
Unknown command.
You tentacle-slap the orc priest but do no damage.
Your grab misses the orc priest.
You pierce the orc priest.
The orc priest is almost dead.
The orc priest hits you with a +0 club.
You die...

#.#.#....#.. .#
#....##.#.##
#.####†....#.#.#
#............#
######.)...###
#....## #.###
#.#.##### #
#....
#....)..###.##.#
#.###
###......@o....#
# #####.###.####
#.### #.# #
#.... #.. #####
#### # # ...
#### .


You could see an orc priest.

Vanquished Creatures
  An orc warrior (D:3)
  A phantom (D:3)
  A hound (D:3)
  An orc priest (D:2)
  Ijyb (D:3)
  Terence (D:3)
  2 adders
  An ooze (D:3)
  A worm (D:2)
  A dart slug (D:1)
  A leopard gecko (D:2)
  5 orcs (D:3)
  3 giant cockroaches
  8 goblins
  8 hobgoblins
  2 jackals (D:2)
  7 kobolds
  4 quokkas
  7 bats
  5 frilled lizards
  10 rats
71 creatures vanquished.

Vanquished Creatures (others)
  An orc (D:3)
1 creature vanquished.

Grand Total: 72 creatures vanquished

Notes
Turn   | Place    | Note
-------+----------+-------------------------------------------
     0 | D:1      | Morbidden the Octopode Transmuter began the quest for the
                  | Orb.
     0 | D:1      | Reached XP level 1. HP: 13/13 MP: 3/3
   483 | D:1      | Reached XP level 2. HP: 17/18 MP: 5/5
  1263 | D:2      | Reached XP level 3. HP: 22/23 MP: 2/6
  1421 | D:2      | Learned a level 3 spell: Spider Form
  2332 | D:2      | Reached XP level 4. HP: 18/28 MP: 7/7
  2507 | D:2      | Found a radiant altar of Vehumet.
  2507 | D:2      | Found an iron altar of Okawaru.
  2730 | D:3      | Noticed an orc warrior
  2743 | D:2      | Reached skill level 1 in Stealth
  2743 | D:2      | Reached skill level 1 in Poison Magic
  3297 | D:3      | Noticed mastekator's ghost (amateur SpEn)
  3315 | D:3      | Noticed Ijyb
  3331 | D:3      | Killed Ijyb
  3332 | D:3      | Reached XP level 5. HP: 22/34 MP: 6/9
  3414 | D:3      | Killed an orc warrior
  3429 | D:3      | Reached XP level 6. HP: 30/39 MP: 10/10
  3746 | D:3      | Reached skill level 4 in Unarmed Combat
  3844 | D:3      | Noticed Terence
  3856 | D:3      | Killed Terence
  4024 | D:3      | Slain by an orc priest

Illustrated notes

Levels and vault maps discovered:
D:1:      minmay_arrival_glassed_features, layout_loops_corners
D:2:      kennysheep_six_static_rooms, layout_loops_corners,
          gammafunk_temple_overflow_elements
D:3:      layout_loops_ring, gammafunk_ghost_stat_death, uniq_terence, uniq_ijyb

Skill      XL: |  1  2  3  4  5  6 |
---------------+-------------------+-----
Stealth        | 1 2 |  2.7
Poison Magic   | 1 |  1.8
Fighting       | 2 |  2.2
Transmutations | 3 |  3.3
Dodging        | 3 |  3.1
Unarmed Combat | 4 |  4.0
Spellcasting   | 3 |  3.0
Shields        | |  0.1
Evocations     | |  0.1

Action                   |  1- 3 |  4- 6 || total
-------------------------+-------+-------++-------
Melee: Unarmed           |    95 |    87 ||   182
       Constrict         |    27 |    16 ||    43
       Tentacles         |    15 |    12 ||    27
       Kick              |    14 |    18 ||    32
       Punch             |     3 |     3 ||     6
 Cast: Beastly Appendage |    21 |    23 ||    44
Evoke: Wand              |       |     5 ||     5
  Use: Potion            |       |     2 ||     2
 Stab: Sleeping          |     5 |     3 ||     8
Armor: Skin              |     5 |     6 ||    11
Dodge: Dodged            |    57 |    41 ||    98
Block: Other             |     9 |    13 ||    22

Table legend: (Time is in decaauts)
 A = Elapsed time spent in this place.
 B = Non-inter-level travel time spent in this place.
 C = Inter-level travel time spent in this place.
 D = Time resting spent in this place.
 E = Time spent auto-exploring this place.
 F = Levels seen in this place.
 G = Mean time per level.
                   A        B        C        D        E       F      G
               +--------+--------+--------+--------+--------+-----+--------+
         Total |   4012 |   3918 |     94 |    355 |   2974 |   3 | 1337.3 |
       Dungeon |   4012 |   3918 |     94 |    355 |   2974 |   3 | 1337.3 |
               +--------+--------+--------+--------+--------+-----+--------+

Top non-repeatable levels by time:
     D:2: 1833 daAuts
     D:1: 1216 daAuts
     D:3: 963 daAuts
